AoeStats
← wolololigma

Four Lakes

503761723Analyzed
3v3 RM · 1mo ago on Sep 2, 2026· 25m 31s· 6 players
Game mode
Random Map
Map size
Normal (6 player)
Population
200
Speed
Normal
Resources
Standard
Victory
Conquest
Starting age
Dark Age
Ending age
Imperial Age
RankedLock teamsTeams togetherTeam positionsShared explorationLock speedFull tech treeHidden civsTurbo modeCheats
Victory
Defeat
🇧🇷 Celts · Brazil
1160
+15
🇧🇷 Hindustanis · Brazil
1130
+16
1123
+16
🇺🇸 Saracens · United States
1132
-16
🇲🇽 Mongols · Mexico
1131
-42
🇳🇱 Huns · Netherlands
1124
-15
Cletus1988
7:52 Feudal Age
8:33 Man-at-Arms
8:59 Arson
9:36 Loom
15:45 Fletching
19:32 Horse Collar
20:26 Double-Bit Axe
20:48 Padded Archer Armor
albabiker25
11:33 Feudal Age
15:30 Castle Age
13:51 Double-Bit Axe
20:00 Loom
21:21 Wheelbarrow
25:04 Forging
wolololigma
4:04 Loom
11:25 Feudal Age
11:51 Double-Bit Axe
12:47 Horse Collar
18:47 Wheelbarrow
24:37 Castle Age
barão niriba
4:58 Loom
11:12 Feudal Age
18:29 Bloodlines
24:21 Castle Age
Felipagem7
1:37 Loom
10:34 Feudal Age
17:55 Castle Age
16:57 Double-Bit Axe
18:48 Scale Mail Armor
18:58 Forging
18:48 Scale Mail Armor
xeonish em oto patama
0:34 Loom
11:11 Feudal Age
17:13 Castle Age
16:53 Fletching
16:50 Double-Bit Axe
16:49 Horse Collar
18:02 Pikeman
19:24 Elite Skirmisher
21:07 Thumb Ring
Connection lost

Rejoining the realm…

Still unreachable

The connection could not be restored.

Session expired

The server has moved on; the page needs a fresh start.